 Dungeon Crawl Stone Soup version 0.28.0-43-g3370ac3207 (webtiles) character file.

Game seed: 4313313772051150284

11600 jimonade the Covert (level 11, -2/86 HPs)
             Began as a Gnoll Wanderer on Mar 13, 2022.
             Was a Priest of Makhleb.
             Slain by a wolf spider (11 damage)
             ... on level 1 of the Spider Nest.
             The game lasted 00:49:59 (14450 turns).

jimonade the Covert (Gnoll Wanderer)               Turns: 14450, Time: 00:50:00

Health: -2/86      AC: 19    Str: 17    XL:     11   Next: 80%
Magic:  0/30       EV: 10    Int: 11    God:    Makhleb [***...]
Gold:   475        SH:  0    Dex: 17    Spells: 21/24 levels left

rFire   . . .      SeeInvis .   m - +10 trident of Hatred {flame, *Noise rC+++ rN+ MP+9}
rCold   + + +      Faith    .   (no shield)
rNeg    + . .      Spirit   +   c - +3 chain mail
rPois   .          Reflect  .   N - +1 helmet
rElec   .          Harm     .   s - +0 cloak
rCorr   .          Rampage  .   W - +0 pair of gloves
Will    .....                   b - +0 pair of boots
Stlth   +.........              I - amulet of guardian spirit
HPRegen 0.24/turn               G - +6 ring of dexterity
MPRegen 0.22/turn               (no ring)

@: no status effects
A: fangs 1, strong nose, distributed training
a: Renounce Religion, Minor Destruction, Lesser Servant of Makhleb


You were on level 1 of the Spider Nest.
You worshipped Makhleb.
Makhleb was most pleased with you.
You visited 3 branches of the dungeon, and saw 12 of its levels.

You collected 865 gold pieces.
You spent 390 gold pieces at shops.

Inventory:

Hand Weapons
 a - a +2 short sword
 f - a +4 falchion
 m - the +10 trident of Hatred (weapon) {flame, *Noise rC+++ rN+ MP+9}
   (You found it on level 2 of the Dungeon)

   It burns those it strikes, dealing additional fire damage.
   rC:        It renders you almost immune to cold.
   rN:        It protects you from negative energy.
   MP:        It affects your magic capacity (+9).
   *Noise:    It may make noises in combat.
 v - a +0 dagger of protection
 w - a +0 vorpal mace
 z - a +1 hunting sling
 A - a +5 flail of freezing
 K - a +0 shortbow
Missiles
 d - 388 stones (quivered)
 p - a throwing net
 q - 5 javelins
 r - 127 arrows
 y - 29 sling bullets
 O - 4 poisoned darts
 T - 5 boomerangs
 U - 24 bolts
Armour
 b - a +0 pair of boots (worn)
 c - a +3 chain mail (worn)
 e - a +0 pair of boots
 g - a +0 helmet
 j - a +0 ring mail
 l - a +0 leather armour
 s - a +0 cloak (worn)
 x - a +2 animal skin
 N - a +1 helmet (worn)
 S - +0 steam dragon scales
 W - a +0 pair of gloves (worn)
Jewellery
 B - a ring of fire
 G - a +6 ring of dexterity (left hand)
 I - an amulet of guardian spirit (around neck)
Wands
 o - a wand of acid (5)
 F - a wand of digging (8)
 J - a wand of iceblast (22)
 V - a wand of polymorph (1)
Scrolls
 M - a scroll of blinking
 P - a scroll of magic mapping
Potions
 h - a potion of resistance
 i - 2 potions of mutation
 k - 2 potions of heal wounds
 n - 3 potions of curing
 t - 2 potions of haste
 u - a potion of attraction {unknown}
 C - a potion of degeneration
 D - a potion of berserk rage
 H - 2 potions of brilliance
 L - a potion of ambrosia
 Q - a potion of magic
 R - a potion of flight


   Skills:
 + Level 8.1 Fighting
 + Level 8.1 Short Blades
 + Level 6.6 Long Blades
 + Level 6.6 Axes
 + Level 6.6 Maces & Flails
 + Level 6.6 Polearms
 + Level 6.6 Staves
 + Level 6.6 Slings
 + Level 6.6 Bows
 + Level 6.6 Crossbows
 + Level 6.6 Throwing
 + Level 6.6 Armour
 + Level 6.6 Dodging
 + Level 9.0 Stealth
 + Level 6.6 Shields
 + Level 6.6 Unarmed Combat
 + Level 7.3 Spellcasting
 + Level 6.8 Conjurations
 + Level 5.5 Hexes
 + Level 5.5 Summonings
 + Level 5.5 Necromancy
 + Level 5.5 Translocations
 + Level 5.5 Transmutations
 + Level 5.5 Fire Magic
 + Level 5.5 Ice Magic
 + Level 5.5 Air Magic
 + Level 5.5 Earth Magic
 + Level 5.5 Poison Magic
 + Level 7.3 Invocations
 + Level 6.6 Evocations


You had 21 spell levels left.
You knew the following spells:

 Your Spells              Type           Power      Damage    Failure   Level
a - Magic Dart            Conj           72%        1d6       12%         1
b - Blink                 Tloc           32%        N/A       30%         2

Your spell library contained the following spells:

 Spells                   Type           Power      Damage    Failure   Level
 Conjure Flame            Conj/Fire      17%        6-21      43%         3
 Dazzling Flash           Conj/Hex       34%        N/A       43%         3
 Lesser Beckoning         Tloc           16%        N/A       52%         3
 Olgreb's Toxic Radiance  Pois           16%        N/A       90%         4
 Agony                    Necr           16%        N/A       99%         5
 Manifold Assault         Tloc           16%        N/A       99%         5
 Silence                  Hex/Air        8%         N/A       99%         5
 Ozocubu's Refrigeration  Ice            8%         4d6       100%        7
 Ignition                 Fire           8%         3d5       100%        8


Dungeon Overview and Level Annotations

Branches:
Dungeon (9/15)             Temple (0/1) D:5            Lair (2/6) D:9
 Spider (1/4) Lair:2
  Swamp: Lair:2-4    Shoals: Lair:2-4       Orc: D:9-12

Altars:
Cheibriados
Makhleb
Ru
The Shining One

Shops:
D:5 *   D:7 *

Annotations:
D:6 3 runed translucent doors, tizbic2's ghost, novice OgGl


Innate Abilities, Weirdness & Mutations

You have very sharp teeth.
Your uncanny sense of smell can sniff out nearby items.
Your experience applies equally to all skills.


Message History

* * * LOW HITPOINT WARNING * * *
You are more poisoned.
The wolf spider poisons you!
You feel better. The tarantella barely misses you.
The wolf spider hits you but does no damage.
The wolf spider bites you.
* * * LOW HITPOINT WARNING * * *
You are lethally poisoned!
The wolf spider poisons you!
You feel much better.
You feel very sick.
The tarantella touches you but does no damage.
The wolf spider hits you! The wolf spider bites you!
* * * LOW HITPOINT WARNING * * *
The tarantella touches you but does no damage.
The wolf spider closely misses you. The wolf spider bites you.
* * * LOW HITPOINT WARNING * * *
You feel better. The tarantella touches you.
* * * LOW HITPOINT WARNING * * *
The wolf spider hits you but does no damage.
The wolf spider bites you but does no damage.
You hit the tarantella. You burn the tarantella.
The tarantella is severely wounded.
The tarantella touches you but does no damage.
The wolf spider hits you.
* * * LOW HITPOINT WARNING * * *
The wolf spider closely misses you.
The tarantella touches you but does no damage.
The wolf spider closely misses you. The wolf spider barely misses you.
You hit the tarantella but do no damage.
The tarantella is severely wounded.
The tarantella touches you!
* * * LOW HITPOINT WARNING * * *
The wolf spider hits you.
* * * LOW HITPOINT WARNING * * *
The wolf spider barely misses you.
You barely miss the tarantella.
The tarantella is severely wounded.
The tarantella misses you. The wolf spider hits you!
You die...

.. ∆ #.#
#.# #.##
...# #..##
#..## #@s##
##s.##
##..##
##..## .
##..# .B.
##.## #..s.
##.##......
##........
#........


You could see a wolf spider and a tarantella.

Vanquished Creatures
  A boulder beetle (Lair:2)
  A two-headed ogre (D:9)
  A pharaoh ant (Spider:1)
  A centaur zombie (D:6)
  A rime drake (Lair:2)
  3 cane toads
  6 dream sheep
  2 culicivoras (Lair:2)
  Sigmund (D:2)
  A wyvern (D:9)
  10 yaks
  3 vampire mosquitoes (D:8)
  2 steam dragons
  An acid dragon (D:8)
  13 water moccasins
  A swamp drake (Lair:2)
  6 orc warriors
  An ice beast (D:6)
  2 black bears
  2 centaurs
  2 ogres
  A kobold brigand (D:9)
  7 bullfrogs
  3 scorpions
  A wyvern skeleton (D:6)
  A water moccasin skeleton (D:6)
  4 killer bees (D:8)
  3 wights
  8 howler monkeys
  2 bullfrog zombies
  2 hounds (D:5)
  3 orc priests
  Crazy Yiuf (D:3)
  An iguana (D:5)
  2 orc wizards
  A hound skeleton (D:4)
  A mummy (D:7)
  5 howler monkey zombies
  Robin (D:4)
  14 adders
  An adder zombie (D:5)
  2 worms
  37 orcs
  2 bats
  7 endoplasms
  A giant cockroach (D:1)
  10 goblins
  11 hobgoblins
  6 quokkas
  5 ball pythons
  4 frilled lizards
  8 kobolds
216 creatures vanquished.

Vanquished Creatures (others)
  3 fungi (Lair:2)
  4 plants (Lair:2)
7 creatures vanquished.

Grand Total: 223 creatures vanquished

Notes
Turn   | Place    | Note
-------+----------+-------------------------------------------
     0 | D:1      | jimonade the Gnoll Wanderer began the quest for the Orb.
     0 | D:1      | jimonade set off with the following items: a +2 short
                  | sword, a +0 pair of boots, a +0 leather armour; and the
                  | following spell memorised: Magic Dart; and the following
                  | spells available to memorise: Conjure Flame
     0 | D:1      | Reached XP level 1. HP: 20/20 MP: 4/4
   196 | D:1      | Found a faded altar of an unknown god.
   215 | D:1      | Reached XP level 2. HP: 26/26 MP: 2/5
   824 | D:1      | Reached XP level 3. HP: 31/31 MP: 0/7
  1578 | D:2      | Reached skill level 6 in Stealth
  1819 | D:2      | Found a glowing golden altar of the Shining One.
  1855 | D:2      | Identified the +10 trident of Hatred {flame, *Noise rC+++
                  | rN+ MP+9}
  2003 | D:2      | Noticed Sigmund
  2023 | D:2      | Killed Sigmund
  2024 | D:2      | Reached skill level 1 in Long Blades
  2024 | D:2      | Reached skill level 1 in Axes
  2024 | D:2      | Reached skill level 1 in Maces & Flails
  2024 | D:2      | Reached skill level 1 in Polearms
  2024 | D:2      | Reached skill level 1 in Staves
  2024 | D:2      | Reached skill level 1 in Slings
  2024 | D:2      | Reached skill level 1 in Bows
  2024 | D:2      | Reached skill level 1 in Crossbows
  2024 | D:2      | Reached skill level 1 in Throwing
  2024 | D:2      | Reached skill level 1 in Armour
  2024 | D:2      | Reached skill level 1 in Dodging
  2024 | D:2      | Reached skill level 1 in Shields
  2024 | D:2      | Reached skill level 1 in Unarmed Combat
  2024 | D:2      | Reached skill level 1 in Hexes
  2024 | D:2      | Reached skill level 1 in Summonings
  2024 | D:2      | Reached skill level 1 in Necromancy
  2024 | D:2      | Reached skill level 1 in Translocations
  2024 | D:2      | Reached skill level 1 in Transmutations
  2024 | D:2      | Reached skill level 1 in Fire Magic
  2024 | D:2      | Reached skill level 1 in Ice Magic
  2024 | D:2      | Reached skill level 1 in Air Magic
  2024 | D:2      | Reached skill level 1 in Earth Magic
  2024 | D:2      | Reached skill level 1 in Poison Magic
  2024 | D:2      | Reached skill level 1 in Invocations
  2024 | D:2      | Reached skill level 1 in Evocations
  2024 | D:2      | Reached XP level 4. HP: 38/38 MP: 8/8
  2024 | D:2      | Reached XP level 5. HP: 43/43 MP: 9/9
  2495 | D:3      | Reached XP level 6. HP: 48/50 MP: 10/10
  2576 | D:3      | Found a runed translucent door.
  2577 | D:3      | Noticed Crazy Yiuf
  2584 | D:3      | Killed Crazy Yiuf
  3409 | D:3      | Learned a level 2 spell: Blink
  3617 | D:4      | Noticed Robin
  3655 | D:4      | Killed Robin
  3657 | D:4      | Reached skill level 5 in Fighting
  3657 | D:4      | Reached skill level 5 in Short Blades
  3664 | D:4      | Noticed a black bear
  3714 | D:4      | Killed a black bear
  4267 | D:5      | Entered Level 5 of the Dungeon
  4555 | D:5      | Found Cucliwn's General Store.
  4566 | D:5      | Reached XP level 7. HP: 56/56 MP: 12/12
  4668 | D:5      | Found a staircase to the Ecumenical Temple.
  5319 | D:5      | Found a burning altar of Makhleb.
  5319 | D:5      | Noticed an Executioner
  5326 | D:5      | Noticed an orange demon
  5326 | D:5      | Noticed a hellwing
  5328 | D:5      | Became a worshipper of Makhleb the Destroyer
  6125 | D:6      | Reached XP level 8. HP: 45/64 MP: 14/14
  6338 | D:6      | Reached skill level 7 in Stealth
  6719 | D:6      | Reached skill level 5 in Conjurations
  6719 | D:6      | Reached XP level 9. HP: 69/69 MP: 16/16
  6741 | D:6      | Found a sacrificial altar of Ru.
  7105 | D:6      | Found a runed translucent gate.
  7105 | D:6      | Found a runed translucent gate.
  7109 | D:6      | Found a runed translucent gate.
  7111 | D:6      | Noticed tizbic2's ghost (novice OgGl)
  7262 | D:7      | Found a snail-covered altar of Cheibriados.
  7339 | D:7      | Reached skill level 5 in Spellcasting
  7533 | D:7      | Found Emaaraud's Assorted Antiques.
  8107 | D:5      | Bought an amulet of guardian spirit for 390 gold pieces
  8730 | D:8      | Reached * piety under Makhleb
  8731 | D:8      | Reached skill level 5 in Invocations
  9099 | D:8      | Found a glowing golden altar of the Shining One.
  9366 | D:9      | Reached XP level 10. HP: 76/77 MP: 18/18
  9564 | D:9      | Reached skill level 5 in Long Blades
  9564 | D:9      | Reached skill level 5 in Axes
  9564 | D:9      | Reached skill level 5 in Maces & Flails
  9564 | D:9      | Reached skill level 5 in Polearms
  9564 | D:9      | Reached skill level 5 in Staves
  9564 | D:9      | Reached skill level 5 in Slings
  9564 | D:9      | Reached skill level 5 in Bows
  9564 | D:9      | Reached skill level 5 in Crossbows
  9564 | D:9      | Reached skill level 5 in Throwing
  9564 | D:9      | Reached skill level 5 in Armour
  9564 | D:9      | Reached skill level 5 in Dodging
  9564 | D:9      | Reached skill level 5 in Shields
  9564 | D:9      | Reached skill level 5 in Unarmed Combat
  9564 | D:9      | Reached skill level 5 in Evocations
  9578 | D:9      | Reached ** piety under Makhleb
  9854 | D:9      | Found a staircase to the Lair.
 10003 | D:9      | Noticed a two-headed ogre
 10013 | D:9      | Killed a two-headed ogre
 10014 | D:9      | Reached skill level 8 in Stealth
 10708 | Lair:1   | Entered Level 1 of the Lair of Beasts
 11048 | Lair:1   | Noticed a cane toad
 11069 | Lair:1   | Killed a cane toad
 11533 | Lair:1   | Noticed a cane toad
 11541 | Lair:1   | Killed a cane toad
 12141 | Lair:2   | Noticed a cane toad
 12145 | Lair:2   | Reached XP level 11. HP: 65/84 MP: 20/20
 12460 | Lair:1   | Reached skill level 5 in Hexes
 12460 | Lair:1   | Reached skill level 5 in Summonings
 12460 | Lair:1   | Reached skill level 5 in Necromancy
 12460 | Lair:1   | Reached skill level 5 in Translocations
 12460 | Lair:1   | Reached skill level 5 in Transmutations
 12460 | Lair:1   | Reached skill level 5 in Fire Magic
 12460 | Lair:1   | Reached skill level 5 in Ice Magic
 12460 | Lair:1   | Reached skill level 5 in Air Magic
 12460 | Lair:1   | Reached skill level 5 in Earth Magic
 12460 | Lair:1   | Reached skill level 5 in Poison Magic
 13060 | Lair:2   | Found a hole to the Spider Nest.
 13135 | Lair:2   | Reached *** piety under Makhleb
 13716 | Spider:1 | Entered Level 1 of the Spider Nest
 13728 | Spider:1 | Noticed a boulder beetle
 13728 | Spider:1 | Noticed a wolf spider
 13728 | Spider:1 | Noticed a pharaoh ant
 13739 | Spider:1 | Killed a pharaoh ant
 13740 | Spider:1 | Reached skill level 9 in Stealth
 13762 | Spider:1 | HP: 1/86 [boulder beetle (15)]
 14198 | Lair:2   | Killed a boulder beetle
 14450 | Spider:1 | Slain by a wolf spider

Illustrated notes

Levels and vault maps discovered:
D:1:      psy_arrival_statuary, layout_basic,
          shapermc_ecumenical_altar_notcrosses
D:2:      layout_loops_cross, basic_altar, uniq_sigmund
D:3:      minmay_recursive_quarters, layout_loops_ring, lemuel_old_faithful,
          uniq_crazy_yiuf_cottage
D:4:      layout_cave_pools, uniq_robin
D:5:      layout_cave_pods, makhleb_altar_promises_db,
          minmay_temple_entry_ruins, serial_shops, nicolae_shop_statue_plus
D:6:      layout_basic, mainiacjoe_overflow_alcove_4, gammafunk_ghost_necromancy
D:7:      layout_loops_corners, slow_altar_1, serial_shops, shop_statue,
          minmay_holes
D:8:      layout_rooms, tso_altar, grunt_tough_drop
D:9:      layout_roguey [special_room_orc], lair_entry_dummy,
          palyth_stone_intersect
Lair:1:   layout_regular_city, lemuel_fruit_fields
Lair:2:   lemuel_reptile_caves, layout_small_grid,
          hellmonk_spider_entry_life_and_decay
Spider:1: layout_cave_pods, spiders_nest_spider_trap, uniq_azrael

Skill      XL: |  1  2  3  4  5  6  7  8  9 10 11 |
---------------+----------------------------------+-----
Stealth        | 6 7 8 9 |  9.0
Long Blades    | 1 2 3 4 5 6 |  6.6
Axes           | 1 2 3 4 5 6 |  6.6
Maces & Flails | 1 2 3 4 5 6 |  6.6
Polearms       | 1 2 3 4 5 6 |  6.6
Staves         | 1 2 3 4 5 6 |  6.6
Slings         | 1 2 3 4 5 6 |  6.6
Bows           | 1 2 3 4 5 6 |  6.6
Crossbows      | 1 2 3 4 5 6 |  6.6
Throwing       | 1 2 3 4 5 6 |  6.6
Armour         | 1 2 3 4 5 6 |  6.6
Dodging        | 1 2 3 4 5 6 |  6.6
Shields        | 1 2 3 4 5 6 |  6.6
Unarmed Combat | 1 2 3 4 5 6 |  6.6
Spellcasting   | 3 4 5 6 7 |  7.3
Conjurations   | 4 5 6 |  6.8
Hexes          | 1 2 3 4 5 |  5.5
Summonings     | 1 2 3 4 5 |  5.5
Necromancy     | 1 2 3 4 5 |  5.5
Translocations | 1 2 3 4 5 |  5.5
Transmutations | 1 2 3 4 5 |  5.5
Fire Magic     | 1 2 3 4 5 |  5.5
Ice Magic      | 1 2 3 4 5 |  5.5
Air Magic      | 1 2 3 4 5 |  5.5
Earth Magic    | 1 2 3 4 5 |  5.5
Poison Magic   | 1 2 3 4 5 |  5.5
Invocations    | 1 2 3 4 5 6 7 |  7.3
Evocations     | 1 2 3 4 5 6 |  6.6
Fighting       | 5 6 7 8 |  8.1
Short Blades   | 5 6 7 8 |  8.1

Action                   |  1- 3 |  4- 6 |  7- 9 | 10-12 || total
-------------------------+-------+-------+-------+-------++-------
Melee: Short sword       |    13 |       |       |       ||    13
       Trident           |     4 |    67 |   202 |   321 ||   594
       Bite              |     1 |     4 |    21 |    42 ||    68
       Punch             |       |       |     6 |    15 ||    21
Throw: Stone             |       |       |       |    10 ||    10
 Cast: Magic Dart        |    69 |     1 |       |       ||    70
  Use: Scroll            |       |     7 |     3 |     9 ||    19
       Potion            |       |       |     1 |     6 ||     7
 Stab: Sleeping          |     1 |     1 |       |       ||     2
       Distracted        |       |       |       |     2 ||     2
Armor: Leather armour    |     1 |       |       |       ||     1
       Ring mail         |     1 |    13 |       |       ||    14
       Chain mail        |       |     7 |   146 |   129 ||   282
Dodge: Dodged            |     6 |    35 |   101 |   128 ||   270
